 Dungeon Crawl Stone Soup version 0.25.1-1-g288607f5aa (webtiles) character file.

Game seed: 7888033523098906057

52 H0rd4k the Insei (level 3, 0/23 HPs)
             Began as an Octopode Transmuter on July 24, 2020.
             Slain by an adder (4 damage)
             ... on level 2 of the Dungeon.
             The game lasted 00:01:56 (1698 turns).

H0rd4k the Insei (Octopode Transmuter)              Turns: 1698, Time: 00:01:56

Health: 0/23       AC:  1    Str:  9    XL:     3   Next: 85%
Magic:  5/6        EV: 14    Int: 16    God:
Gold:   118        SH:  5    Dex: 12    Spells: 0/6 levels left

rFire    . . .     SeeInvis .     - Unarmed
rCold    . . .     Gourm    .   (no shield)
rNeg     . . .     Faith    .   (helmet restricted)
rPois    .         Spirit   .   g - amulet of reflection
rElec    .         Reflect  +   (no ring)
rCorr    .         Harm     .   (no ring)
MR       .....                  (no ring)
Stlth    ++........             (no ring)
HPRegen  0.07/turn              (no ring)
MPRegen  0.10/turn              (no ring)
                                (no ring)
                                (no ring)

@: lethally poisoned (0 -> -6), appendage
A: almost no armour, stealthy swim, amphibious, 8 rings, constrict 8, tentacle
spike 3, camouflage 1, gelatinous body 1
a: End Transformation


You were on level 2 of the Dungeon.
You were not hungry.
One of your tentacles had a temporary spike.
You visited 1 branch of the dungeon, and saw 2 of its levels.

You collected 118 gold pieces.

Inventory:

Missiles
 a - 54 arrows
 d - 11 poisoned darts
 f - 5 curare-tipped darts (quivered)
Jewellery
 g - an amulet of reflection (around mantle)
 l - an uncursed ring of wizardry
 n - a +4 ring of slaying {unknown}
Scrolls
 e - 2 scrolls of remove curse {unknown}
 j - a scroll of fog {unknown}
 m - 2 scrolls of identify {unknown}
 o - a scroll of amnesia {unknown}
 p - a scroll of noise {unknown}
Potions
 b - a potion of lignification {unknown}
 h - a potion of heal wounds {unknown}
 i - 2 potions of stabbing {unknown}
Comestibles
 c - 6 rations
 k - a chunk of flesh


   Skills:
 + Level 1.0 Fighting
 + Level 2.6 Dodging
 + Level 0.4 Stealth
 + Level 3.6 Unarmed Combat
 * Level 2.4 Spellcasting
 * Level 2.4 Transmutations


You couldn't memorise any spells.
You knew the following spells:

 Your Spells              Type           Power        Failure   Level  Hunger
a - Beastly Appendage     Tmut           #.....       8%          1    #......
b - Sticks to Snakes      Tmut           #.......     11%         2    ###....
c - Spider Form           Tmut/Pois      #.........   34%         3    ###....

Your spell library contained the following spells:

 Spells                   Type           Power        Failure   Level  Hunger
 Ice Form                 Ice/Tmut       #.......     75%         4    #####..
 Blade Hands              Tmut           #.........   90%         5    ######.


Dungeon Overview and Level Annotations

Branches:
Dungeon (2/15)

Altars:


Innate Abilities, Weirdness & Mutations

You cannot wear most types of armour.
You are very stealthy in the water. (Stealth+)
You are amphibious.
You can wear up to eight rings at the same time.
You can use your tentacles to constrict eight enemies at once.
Your skin changes colour to match your surroundings (Stealth+).
Your rubbery body absorbs attacks. (AC +1, EV +1)
One of your tentacles bears a large vicious spike.


Message History

You block the adder's attack. The frilled lizard barely misses you.
Cast which spell? (? or * to list) One of your tentacles grows a vicious spike.
The adder bites you.
You are lethally poisoned!
The adder poisons you! The adder bites you.
* * * LOW HITPOINT WARNING * * *
You barely miss the adder. Your grab misses the adder.
* * * LOW HITPOINT WARNING * * *
You feel sick. The adder closely misses you.
You tentacle-slap the adder. Your grab misses the adder.
Your tentacle spike misses the adder.
Your squeeze misses the adder.
The adder is moderately wounded.
The adder closely misses you.
You barely miss the adder. Your grab misses the adder.
You tentacle-slap the adder.
The adder is moderately wounded.
* * * LOW HITPOINT WARNING * * *
You feel sick. The adder bites you.
You die...

# ##... ... ....#
.. # #...... #.
#...#.##
#.####...... ..
#...........#..l.
#.#(.....ll......
#.# #..#S# #.#
#..#@#####. #.#
#..(.......# #.#
##.#........ #.#
#(#########
########.# #.#
.........#####.#
...............#
#.#.############
#.#.#


You could see an adder and 2 frilled lizards.

Vanquished Creatures
  An ooze (D:1)
  2 dart slugs (D:1)
  4 leopard geckos
  6 bats
  2 hobgoblins
  12 kobolds
  2 frilled lizards (D:2)
  6 goblins
  3 rats
38 creatures vanquished.

Notes
Turn   | Place    | Note
-------+----------+-------------------------------------------
     0 | D:1      | H0rd4k the Octopode Transmuter began the quest for the Orb.
     0 | D:1      | Reached XP level 1. HP: 13/13 MP: 3/3
   351 | D:1      | Reached XP level 2. HP: 18/18 MP: 5/5
   607 | D:1      | Reached XP level 3. HP: 19/23 MP: 6/6
  1051 | D:1      | Learned a level 2 spell: Sticks to Snakes
  1055 | D:1      | Learned a level 3 spell: Spider Form
  1698 | D:2      | Slain by an adder

Illustrated notes

Levels and vault maps discovered:
D:1:      eino_arrival_cavern_b, layout_rooms, minmay_misc_feat_plants
D:2:      layout_loops_ring, first_ration

Action                   || total
-------------------------++-------
Melee: Unarmed           ||    95
       Constrict         ||    23
       Tentacles         ||    11
       Punch             ||     3
 Cast: Beastly Appendage ||     2
 Stab: Sleeping          ||     6
  Eat: Chunk             ||     2
Armor: Skin              ||    13
Dodge: Dodged            ||    56
Block: Other             ||    11
       Reflection        ||     3
